Map: Jagannatha LE

Players

Kas

  • Race: Terran Terran
  • Spawn Location: 1:00

goblin - Winner!

  • Race: Protoss Protoss
  • League: Grandmaster
  • Spawn Location: 7:00

Event: DreamHack SC2 Masters 2020 Winter

VOD

Have the link to the VOD?

Description

Time

  • Played on: Oct. 23, 2020, 12:56 p.m.
  • Length: 6:50

All games in this series

Show
View Real Time Build Order
Export as new Build Order

Kas Terran 

Build Orders:  

Get SALT Encoding   

  12  0:00  SCV  
  13  0:12  SCV  
  14  0:17  Supply Depot  
  14  0:24  SCV  
  15  0:38  SCV  
  15  0:40  Barracks  
  16  0:43  Refinery  
  16  0:50  SCV  
  17  1:03  SCV  
  18  1:15  SCV  
  19  1:27  Marine, Orbital Command  
  20  1:46  Barracks Reactor  
  20  1:51  Command Center  
  20  1:53  SCV  
  21  1:58  Barracks  
  21  2:05  SCV  
  22  2:11  Factory  
  22  2:18  SCV  
  23  2:26  Supply Depot  
  23  2:35  Bunker  
  23  2:36  Refinery  
  23  2:46  Barracks Tech Lab  
  23  2:47  Marine x2  
  23  2:48  SCV  
  26  3:02  SCV  
  26  3:03  Orbital Command  
  26  3:05  Marine x2  
  25  3:11  Barracks Tech Lab  
  25  3:12  Siege Tank  
  29  3:15  SCV  
  30  3:23  Marine x2  
  32  3:29  SCV x2  
  32  3:32  Marine  
  32  3:34  Combat Shield  
  35  3:41  Marine x2  
  37  3:44  SCV  
  37  3:46  SCV  
  39  3:49  Marine  
  39  3:52  Siege Tank  
  43  3:56  Supply Depot  
  43  4:00  SCV  
  43  4:01  Marine x2  
  46  4:15  Supply Depot  
  46  4:17  Marine  
  46  4:18  SCV x2  
  46  4:19  Marine  
  46  4:21  Supply Depot  
  50  4:30  SCV  
  50  4:31  SCV, Marine, Factory Reactor  
  51  4:35  Marine, Barracks  
  52  4:41  Supply Depot, Marine  
  52  4:42  SCV  
  52  4:43  SCV  
  55  4:53  Starport  
  55  4:54  SCV  
  55  4:58  Stimpack  
  56  5:03  Marine x2  
  56  5:04  SCV  
  56  5:05  Refinery  
  56  5:06  SCV  
  59  5:14  Marine  
  59  5:19  Widow Mine  
  59  5:20  Widow Mine  
  59  5:21  Marine x2  
  64  5:23  Supply Depot  
  64  5:24  SCV, Engineering Bay  
  65  5:33  SCV  
  66  5:41  SCV  
  67  5:43  Widow Mine x2  
  67  5:45  Concussive Shells  
  67  5:46  Supply Depot, SCV  
  72  5:51  Marine  
  72  5:55  Marine x2  
  72  5:56  Marine  
  65  6:00  SCV x2  
  61  6:07  Widow Mine x2  
  61  6:09  Marine  
  66  6:12  SCV  
  66  6:13  Marine, SCV  
  66  6:14  Marine x2  
  71  6:24  SCV  
  69  6:27  Marine  
  69  6:31  Marine  
  69  6:32  Marine x2  
Show
View Real Time Build Order
Export as new Build Order

goblin Protoss - Winner!

Build Orders: 1 Gate Expand, Phoenix Opening 

Get SALT Encoding   

  12  0:00  Probe  
  13  0:12  Probe  
  14  0:17  Pylon  
  14  0:24  Probe (Chrono Boost)  
  15  0:36  Probe (Chrono Boost)  
  15  0:37  Gateway  
  16  0:44  Probe (Chrono Boost)  
  16  0:46  Assimilator  
  17  0:51  Probe  
  18  1:03  Probe  
  19  1:16  Probe  
  20  1:25  Cybernetics Core  
  22  1:36  Nexus  
  20  1:43  Pylon  
  20  1:46  Probe  
  21  1:52  Assimilator  
  21  1:58  Probe  
  21  2:00  Stalker (Chrono Boost)  
  23  2:10  Probe  
  24  2:22  Probe  
  25  2:25  Stargate  
  25  2:31  Shield Battery  
  25  2:34  Stalker  
  27  2:38  Probe  
  28  2:47  Warp Gate  
  28  2:48  Probe (Chrono Boost)  
  28  2:50  Probe (Chrono Boost)  
  30  3:00  Probe (Chrono Boost)  
  30  3:02  Probe (Chrono Boost)  
  32  3:07  Probe (Chrono Boost)  
  32  3:08  Probe (Chrono Boost)  
  32  3:12  Phoenix  
  36  3:14  Probe (Chrono Boost)  
  38  3:21  Probe (Chrono Boost)  
  38  3:24  Pylon  
  38  3:26  Probe (Chrono Boost)  
  39  3:31  Probe x2 (Chrono Boost)  
  41  3:36  Phoenix  
  41  3:41  Probe  
  44  3:43  Probe  
  44  3:44  Twilight Council  
  45  3:53  Probe  
  46  3:56  Gateway x2  
  46  4:03  Probe  
  46  4:05  Phoenix, Probe  
  50  4:12  Pylon  
  50  4:14  Charge (Chrono Boost)  
  50  4:15  Gateway  
  50  4:24  Probe x2  
  52  4:34  Zealot  
  52  4:35  Assimilator  
  52  4:36  Phoenix, Pylon  
  56  4:44  Shield Battery  
  56  4:45  Pylon  
  56  4:48  Shield Battery  
  56  4:54  Stalker  
  56  4:55  Zealot  
  60  5:01  Phoenix  
  60  5:04  Zealot  
  64  5:13  Shield Battery  
  64  5:17  Zealot x3  
  70  5:24  Gateway  
  70  5:25  Pylon  
  70  5:27  Pylon  
  68  5:38  Pylon x2  
  68  5:45  Zealot x2  
  68  5:46  Zealot x2  
  68  5:48  Phoenix  
  76  6:03  Nexus  
  76  6:06  Probe x2  
  76  6:11  Sentry  
  80  6:18  Probe x2  
  80  6:21  Phoenix  
  82  6:30  Probe x2 (Chrono Boost)  
  76  6:42  Probe x2 (Chrono Boost)  
Tags
 
Add a new tag
Caveats
  • Supply blocks, unpowered buildings, or Contaminate may cause inaccurate times.
  • Supply counts are checked every 10 seconds.